[Event "*** SCC Grand Prix: Titled Tuesday Blitz"]
[Site "Chess.com"]
[Date "2020.06.09"]
[Round "4"]
[White "MFBerna"]
[Black "j_coca"]
[Result "0-1"]
[WhiteElo "2407"]
[BlackElo "2205"]
[TimeControl "180+1"]
[EndTime "9:40:29 PDT"]
[Termination "j_coca won by resignation"]

1. e4 g6 2. d4 Bg7 3. Nf3 d6 4. Nc3 Nc6 5. h3 Nf6 6. Be2 O-O 7. O-O a6 8. a4 Qe8 9. e5 dxe5 10. dxe5 Nd7 11. e6 fxe6 12. Be3 Nde5 13. Nxe5 Nxe5 14.
Ne4 c6 15. Nc5 Nf7 16. Bc4 e5 17. c3 Kh8 18. a5 Nd6 19. Be2 Qf7 20. Qd2 Nf5 21.
Ne4 Qd5 22. Qc2 Nxe3 23. fxe3 Bf5 24. Bd3 Rad8 25. Rad1 Bh6 26. Kh1 Qxa5 27. b4 Qc7 28. Nc5 Bxd3 29. Rxf8+ Rxf8 30. Qxd3 Qc8 31. Qe4 Bg7 32. Nd3 Qf5 33. Nc5 Qf2 34. Ne6 Rf5 35.
Rd8+ Bf8 36. Rxf8+ Rxf8 37. Nxf8 Qxf8 38. Qxe5+ Kg8 39. Qc7 Qa8 40. Kh2 Kf7 41. Kg3 Ke6 42. Qf4 Qd8 43. Kf3 Qd1+ 44. Kg3 Qd6 45. Kf3 Qxf4+ 46.
Kxf4 Kd5 47. Kg5 Kc4 48. Kh6 Kxc3 49. Kxh7 Kxb4 50. Kxg6 a5 51. h4 a4 52. h5 a3 53.
h6 a2 54. g4 a1=Q 55. g5 Qh8 56. Kh5 Kc4 57. g6 Kd5 58. g7 Qh7 59. Kg5 Ke6 60. Kf4 Qxh6+ 0-1

[Event "*** SCC Grand Prix: Titled Tuesday Blitz"]
[Site "Chess.com"]
[Date "2020.06.09"]
[Round "4"]
[White "Margarita2907"]
[Black "mfwagnerpeixoto"]
[Result "0-1"]
[WhiteElo "2041"]
[BlackElo "2277"]
[TimeControl "180+1"]
[EndTime "9:40:29 PDT"]
[Termination "mfwagnerpeixoto won on time"]

1. e4 c5 2. Nf3 Nc6 3. d4 cxd4 4. Nxd4 Nf6 5. Nc3 d6 6. Be2 e5 7. Nb3 Be7 8. O-O O-O 9. Be3 a5 10. a4 Be6 11. Nd2 d5 12. exd5 Nxd5 13. Nxd5 Bxd5 14.
Nc4 Bxc4 15. Bxc4 Rc8 16. Bd3 f5 17. c3 Kh8 18. Qe2 e4 19. Bb5 Bd6 20. Rad1 Qe7 21. Bb6 f4 22. f3 Bc5+ 23. Bxc5 Qxc5+ 24. Kh1 e3 25. Rd7 b6 26. Rfd1 Ne5 27. R7d5 Qc7 28. R5d4 Rcd8 29. Re4 Rxd1+ 30. Qxd1 Rd8 31. Rd4 Rxd4 32.
cxd4 Nf7 33. h3 h6 34. d5 Qd6 35. Bc6 Ne5 36. Qc2 Nxc6 37. dxc6 e2 38. Qxe2 Qxc6 39. Qe5 Qxa4 40. Qe7 Qd1+ 41. Kh2 Qb3 42. Qf8+ Qg8 43. Qxf4 Qc8 44. Qd6 b5 45. Qd5 Qb8+ 46. Kg1 a4 47. Qc5 Qb7 48. h4 b4 49. Kh1 a3 50.
bxa3 b3 51. Qf8+ Kh7 52. Qf5+ Kg8 0-1

[Event "*** SCC Grand Prix: Titled Tuesday Blitz"]
[Site "Chess.com"]
[Date "2020.06.09"]
[Round "4"]
[White "wonderfultime"]
[Black "Gajuchess"]
[Result "1-0"]
[WhiteElo "2994"]
[BlackElo "2786"]
[TimeControl "180+1"]
[EndTime "9:40:31 PDT"]
[Termination "wonderfultime won by resignation"]

1. d4 Nf6 2. Nf3 d5 3. Bf4 e6 4. e3 Bd6 5. Bg3 O-O 6. c4 c5 7. Nc3 cxd4 8. Nxd4 Bb4 9. Bd3 dxc4 10. Bxc4 Ne4 11.
Qc2 Nxc3 12. bxc3 Be7 13. O-O Nd7 14. Rfd1 a6 15. Rab1 Qe8 16. Be2 Bf6 17. Bf3 Ra7 18. c4 Ne5 19. Be4 g6 20. c5 h5 21. h3 h4 22. Bh2 Qe7 23. c6 b5 24. Nf3 Nc4 25.
Rbc1 e5 26. Bd5 Be6 27. Qe4 Bf5 28. Rxc4 Bxe4 29. Rxe4 Re8 30. Nxe5 Bxe5 31. Rxe5 Qxe5 32. Bxe5 Rxe5 33. Kf1 Kf8 34. Ke2 g5 35. e4 f5 36.
f3 Ke7 37. Ke3 Kd6 38. Kd4 b4 39. Rc1 a5 40. c7 Rxd5+ 41. exd5 Rxc7 42. Rxc7 Kxc7 43.
Kc5 Kd7 44. Kb5 Kd6 45. Kxa5 Kxd5 46. Kxb4 Kd4 47. a4 Ke3 48. a5 Kf2 49. a6 Kxg2 50. a7 Kxh3 51. a8=Q Kg3 52. Qd8 g4 53. fxg4 fxg4 54.
Qd3+ Kg2 55. Qe2+ Kh3 56. Qf1+ Kh2 57. Qf2+ Kh3 58. Qg1 g3 59. Kc3 g2 60. Kd3 Kg3 61. Ke2 h3 62. Qf2+ Kg4 63. Qf3+ Kh4 64. Kf2 1-0

[Event "*** SCC Grand Prix: Titled Tuesday Blitz"]
[Site "Chess.com"]
[Date "2020.06.09"]
[Round "4"]
[White "Danfii"]
[Black "Leonid_Starozhilov"]
[Result "0-1"]
[WhiteElo "2378"]
[BlackElo "2710"]
[TimeControl "180+1"]
[EndTime "9:40:31 PDT"]
[Termination "Leonid_Starozhilov won on time"]

1. e4 g6 2. d4 Bg7 3. Nc3 d6 4. f4 Nf6 5. Nf3 O-O 6. e5 dxe5 7.
fxe5 Nd5 8. Bc4 Be6 9. Nxd5 Bxd5 10. Bxd5 Qxd5 11. Qe2 Nc6 12. c4 Qa5+ 13. Bd2 Qa6 14. O-O Rad8 15. d5 Rxd5 16. b4 Nxe5 17. b5 Rxd2 18.
Nxd2 Qb6+ 19. Kh1 h5 20. Rad1 Ng4 21. Ne4 Qe6 22. h3 Nh6 23. Ng3 Be5 24. Rf3 h4 25.
Ne4 Nf5 26. Qd3 Bd6 27. Nxd6 cxd6 28. Qd5 Qxd5 29. cxd5 Rc8 30. Rb3 Rc5 31. a4 Kg7 32.
Kg1 Ng3 33. Kf2 Nf5 34. Kf3 Kf6 35. a5 Rc4 36. a6 b6 37. Rdd3 Nd4+ 38. Rxd4 Rxd4 39.
Rc3 Rxd5 40. Rc7 Rxb5 41. Rxa7 Ra5 42. Ra8 Ra4 43. a7 b5 44. Ke3 e6 45. Kd3 d5 46.
Kc3 e5 47. Kb3 e4 48. Kc3 Kg7 49. Kd2 d4 50. Ke2 Ra2+ 51. Kd1 e3 52. Rd8 Rxa7 53.
Rxd4 Ra2 54. Rxh4 Rxg2 55. Rb4 Rg3 0-1

[Event "*** SCC Grand Prix: Titled Tuesday Blitz"]
[Site "Chess.com"]
[Date "2020.06.09"]
[Round "4"]
[White "GMaka"]
[Black "novocane"]
[Result "1-0"]
[WhiteElo "2341"]
[BlackElo "2191"]
[TimeControl "180+1"]
[EndTime "9:40:31 PDT"]
[Termination "GMaka won on time"]

1. d4 Nf6 2. Bf4 d5 3. e3 c5 4.
c3 Nc6 5. Nd2 e6 6. Ngf3 Bd6 7.
Bg3 O-O 8. Bd3 b6 9. Ne5 Bb7 10. O-O Qe7 11. f4 Nd7 12. Qh5 f5 13. Bh4 Nf6 14. Qf3 Qe8 15. Bxf6 Rxf6 16. Qe2 a6 17. a4 Rf8 18. Ndf3 Ne7 19. Ng5 Bc8 20. c4 h6 21.
Ngf3 Bb7 22. b3 dxc4 23. bxc4 Ng6 24. Nxg6 Qxg6 25. Ra2 Rfd8 26. Ne5 Bxe5 27. dxe5 Rac8 28. Rd2 Rd7 29. Rfd1 Rcd8 30. Qf2 Be4 31. Bxe4 Rxd2 32. Rxd2 Rxd2 33. Qxd2 fxe4 34. Qd8+ Kh7 35. Qxb6 Qg4 36. h3 Qe2 37. Qxc5 h5 38. Qd4 Qe1+ 39. Kh2 h4 40.
Qxe4+ g6 41. Qf3 Qc3 42. Qg4 Qxc4 43. Qxh4+ Kg7 44. Qf6+ Kh6 45. a5 Kh7 46. Qf8 Qd5 47.
Qf7+ Kh6 48. Qf8+ Kh7 49. Qb8 Qe4 50. Qa7+ Kh6 51. Qxa6 Qxe3 52. Qf1 Qa3 53. Qe1 1-0

[Event "*** SCC Grand Prix: Titled Tuesday Blitz"]
[Site "Chess.com"]
[Date "2020.06.09"]
[Round "4"]
[White "WiktoriaPOL"]
[Black "Playgood28"]
[Result "1-0"]
[WhiteElo "2039"]
[BlackElo "2257"]
[TimeControl "180+1"]
[EndTime "9:40:32 PDT"]
[Termination "WiktoriaPOL won on time"]

1. c4 f5 2. Nc3 Nf6 3. g3 d6 4. Bg2 e5 5. d4 e4 6. h4 Be7 7. Nh3 O-O 8. O-O c6 9. b4 a5 10.
b5 Be6 11. Qb3 Nbd7 12. Ng5 Bf7 13. Nxf7 Rxf7 14. a4 Rf8 15. Ba3 Kh8 16. e3 Qc7 17. Ne2 Rfc8 18. Rfc1 Nf8 19. Nf4 Qd7 20. Rab1 Ne6 21.
bxc6 bxc6 22. Qb7 Nxf4 23. gxf4 Bd8 24. Qxd7 Nxd7 25. Bxd6 Nb6 26. Ra1 Bxh4 27. Bc5 Nd7 28. Bd6 c5 29. d5 Bf6 30. Rab1 h6 31. Bh3 g6 32. Rb7 Nf8 33. Rb6 Bg7 34. Rcb1 Nd7 35. Rb7 Nf6 36. Be5 Nh5 37. Bxg7+ Nxg7 38. R1b6 Kh7 39.
Rf6 Rab8 40. Rff7 Rxb7 41. Rxb7 Kg8 42. Rb5 Ne8 43. Rxa5 Nd6 44. Ra6 Rd8 45. Rc6 Kf7 46. Rxc5 Ra8 47. a5 Ke7 48. Kf1 Kd7 49. Ke2 Nb7 50.
Rb5 Nxa5 51. c5 Nc4 52. c6+ Kd6 53. Kd1 Ra2 54. Rb7 Kxd5 55. c7 1-0

[Event "*** SCC Grand Prix: Titled Tuesday Blitz"]
[Site "Chess.com"]
[Date "2020.06.09"]
[Round "4"]
[White "pedro_gines"]
[Black "Training_Day"]
[Result "1-0"]
[WhiteElo "2465"]
[BlackElo "2305"]
[TimeControl "180+1"]
[EndTime "9:40:33 PDT"]
[Termination "pedro_gines won on time"]

1. Nf3 d5 2. b3 Bg4 3. Bb2 Nd7 4. e3 Ngf6 5. Be2 e6 6. O-O Bd6 7. c4 c6 8. d4 O-O 9. Nbd2 h6 10. Qc2 Qe7 11. Bd3 Ba3 12. Bxa3 Qxa3 13. Ne5 Nxe5 14. dxe5 Nd7 15. f4 Qc5 16. Rae1 f6 17. exf6 Rxf6 18. Kh1 Bf5 19. e4 dxe4 20. Bxe4 Rd8 21. Nf3 Bxe4 22.
Rxe4 Qf5 23. Qe2 Nc5 24. Re5 Qd3 25. g3 Qxe2 26. Rxe2 a5 27. Kg2 Rd3 28. Rfe1 g5 29. Ne5 Rc3 30. fxg5 hxg5 31. Re3 Rxe3 32. Rxe3 Kg7 33.
a3 Rf5 34. b4 axb4 35. axb4 Na6 36. b5 cxb5 37. cxb5 Nc7 38. g4 Rf4 39. Rd3 Nd5 40.
h3 Rb4 41. Ra3 Rxb5 42. Ra7 Kf6 43. Nd7+ Ke7 44. Ne5 Nf4+ 45. Kf3 Rb3+ 46. Ke4 Nxh3 47. Nc6+ Kd6 48. Nd4 Rb4 49. Ke3 Nf4 50. Nf3 Nd5+ 51.
Ke2 Rxg4 52. Rxb7 Re4+ 53. Kf2 g4 54. Ng5 Rf4+ 55. Kg3 Rf5 56. Nf7+ Kc6 57. Nd8+ Kd6 58. Kxg4 Rf8 59. Nf7+ 1-0

[Event "*** SCC Grand Prix: Titled Tuesday Blitz"]
[Site "Chess.com"]
[Date "2020.06.09"]
[Round "4"]
[White "rubhani"]
[Black "Igor_Lysyj"]
[Result "1-0"]
[WhiteElo "2560"]
[BlackElo "2741"]
[TimeControl "180+1"]
[EndTime "9:40:34 PDT"]
[Termination "rubhani won by resignation"]

1. e4 e5 2. Nf3 Nc6 3. Bb5 a6 4.
Ba4 Nf6 5. O-O Bc5 6. d3 d6 7.
Be3 Bxe3 8. fxe3 O-O 9. Qe1 Ne7 10. Bb3 Ng6 11. Nbd2 c6 12. Nh4 Nxh4 13. Qxh4 Be6 14. Rf3 Nd7 15. Qxd8 Raxd8 16. Bxe6 fxe6 17. Raf1 Rxf3 18. Rxf3 b5 19. Nb3 Nb6 20. Na5 c5 21. b3 Rd7 22. g4 Rc7 23. c4 Nc8 24. Rf2 Na7 25.
Kg2 Rf7 26. Rb2 Kf8 27. b4 Ke8 28. a4 cxb4 29. axb5 axb5 30. Rxb4 bxc4 31. Rb8+ Ke7 32. Nxc4 Kf6 33. Nxd6 Rd7 34. Nc4 Rxd3 35. Rf8+ Ke7 36. Rh8 Nc6 37. Rxh7 Kf6 38. h4 Rc3 39. Nd6 Kg6 40. Rh8 Rxe3 41. Re8 Nd4 42. Kf2 Rf3+ 43.
Kg2 Rf4 44. Kg3 Ne2+ 45. Kh3 Nd4 46. h5+ Kh7 47. Re7 Kh6 48. Nf7+ Kh7 49. Ng5+ Kg8 50.
Re8+ Rf8 51. Re7 Rf6 52. Re8+ Rf8 53. Rxf8+ Kxf8 54. Kg3 Ke7 55. Nf3 Nc6 56. g5 Kf7 57.
Kg4 Ke7 58. g6 Kf6 59. Kh4 Nd4 60. Nh2 Nf3+ 61. Nxf3 1-0

[Event "*** SCC Grand Prix: Titled Tuesday Blitz"]
[Site "Chess.com"]
[Date "2020.06.09"]
[Round "4"]
[White "parnali1611"]
[Black "Ekka83"]
[Result "0-1"]
[WhiteElo "2050"]
[BlackElo "2404"]
[TimeControl "180+1"]
[EndTime "9:40:35 PDT"]
[Termination "Ekka83 won by resignation"]

1. d4 d5 2. c4 e6 3. Nf3 Nf6 4. g3 Be7 5. Bg2 O-O 6. O-O a6 7. Qc2 c6 8. b3 b5 9. c5 Nbd7 10. Bf4 Re8 11. Nbd2 Nf8 12. b4 Ng6 13. Nb3 Ne4 14.
Na5 Qd7 15. Ne5 Nxe5 16. Bxe5 Nf6 17. e4 dxe4 18. Bxe4 Nxe4 19. Qxe4 Qd5 20. Qxd5 cxd5 21. Rac1 Bd8 22. Nb3 f6 23. Bd6 Ra7 24. c6 Bc7 25. Bxc7 Rxc7 26. f4 Kf7 27. Rfe1 Ke7 28. Kf2 Kd6 29. Na5 h5 30. Rc2 e5 31. fxe5+ fxe5 32. dxe5+ Rxe5 33. Rxe5 Kxe5 34. Re2+ Kd4 35.
Re8 Kc3 36. Rd8 Kxb4 37. Nb3 Rxc6 38. Rxd5 Rc2+ 39. Kg1 Rxa2 40. Nd4 Bh3 41. Nc6+ Kc3 42. Rc5+ Kd3 43. Nb4+ Kd4 44. Rxh5 Ra1+ 45. Kf2 Rf1+ 46. Ke2 Bg4+ 47. Kxf1 Bxh5 48. Nxa6 Kc3 49. Kf2 b4 50. Nxb4 Kxb4 51. h3 Kc4 52. g4 Bf7 53. h4 Kd4 54. Kg3 Ke5 55. h5 Bg8 56. g5 Kf5 57. Kh4 Kf4 58. g6 Kf5 59. h6 gxh6 60. g7 Kg6 61. Kg4 Kxg7 62. Kh4 Bd5 63. Kg3 Kg6 64. Kh3 Kg5 65. Kg3 h5 66. Kh3 h4 67.
Kh2 Kg4 68. Kg1 Kg3 69. Kf1 h3 70. Ke2 h2 0-1

[Event "*** SCC Grand Prix: Titled Tuesday Blitz"]
[Site "Chess.com"]
[Date "2020.06.09"]
[Round "4"]
[White "kuba2006"]
[Black "monstertube"]
[Result "0-1"]
[WhiteElo "2323"]
[BlackElo "2183"]
[TimeControl "180+1"]
[EndTime "9:40:38 PDT"]
[Termination "monstertube won on time"]

1. e4 e5 2. Nf3 Nf6 3. Nc3 Nc6 4. d4 exd4 5. Nxd4 Bb4 6. Nxc6 bxc6 7. Bd3 d5 8. exd5 cxd5 9. O-O O-O 10. Bg5 c6 11. Qf3 Bd6 12. h3 Rb8 13. Rab1 h6 14. Bxf6 Qxf6 15.
Qxf6 gxf6 16. Ne2 c5 17. b3 Be6 18. f4 c4 19. bxc4 dxc4 20. Be4 Rxb1 21. Rxb1 Rb8 22. Rxb8+ Bxb8 23. f5 Bd7 24. g4 Be5 25. Kf2 Kg7 26.
Ke3 Kf8 27. Bd5 Kg7 28. Bxc4 h5 29. Bd5 hxg4 30. hxg4 Kf8 31. c4 Ke7 32. Nd4 Be8 33. c5 Kd8 34. Ke4 Kc7 35. Nf3 Bb2 36. Nd2 Be5 37.
Nc4 Bc3 38. Nd6 Bc6 39. Nxf7 Bb4 40. Kd4 Bd2 41. Nd6 Ba4 42. Ne4 Bc1 43. Bb3 Bb2+ 44.
Kd5 Bc6+ 45. Ke6 Bxe4 46. Bd1 Kc6 47. g5 fxg5 48. f6 Bd5+ 49. Ke7 Bxa2 50. f7 Bg7 51. f8=Q Bxf8+ 52. Kxf8 Kxc5 53. Kg7 Be6 54. Kf6 g4 55. Kxe6 g3 56. Bf3 a5 57. Kf5 a4 58.
Kf4 a3 59. Kxg3 a2 60. Bg2 a1=Q 61. Kf2 Kd4 62. Kg3 Qc3+ 63. Kf4 Qe3+ 64. Kg4 Ke5 65. Kh4 Qg1 66. Kh3 Kf4 0-1

[Event "*** SCC Grand Prix: Titled Tuesday Blitz"]
[Site "Chess.com"]
[Date "2020.06.09"]
[Round "4"]
[White "Rakhmanov_Aleksandr"]
[Black "WIDBIFS"]
[Result "0-1"]
[WhiteElo "2843"]
[BlackElo "2680"]
[TimeControl "180+1"]
[EndTime "9:40:39 PDT"]
[Termination "WIDBIFS won on time"]

1. Nf3 Nf6 2. g3 g6 3. Bg2 Bg7 4. O-O O-O 5. d4 d6 6. b3 Nc6 7. Bb2 a5 8. a3 d5 9. Nbd2 Bf5 10. c4 e6 11. e3 Ne4 12. Rc1 Qd7 13. Qe2 h5 14.
Rfd1 Bg4 15. h3 Nxd2 16. Rxd2 Bxf3 17. Qxf3 Ne7 18. g4 hxg4 19. hxg4 c6 20. Qg3 g5 21. f4 gxf4 22. exf4 a4 23. b4 dxc4 24. Rxc4 Rad8 25. Rc1 Nd5 26. g5 Ne7 27. Be4 Nf5 28. Qh3 Rfe8 29. Rcd1 Qd6 30. Qf3 Qc7 31. Rd3 Rd7 32. Qg4 Nd6 33. Bg2 Nf5 34. Be4 Nd6 35. Bg2 Nf5 36. g6 fxg6 37. Qxg6 Qd8 38. Rh3 Kf8 39. Be4 Qf6 40. Qg2 Bh6 41. Kh1 Rg7 42. Qf2 Qg6 43. d5 Ng3+ 44. Rxg3 Qxe4+ 45. Qf3 Qxf3+ 46. Rxf3 Rf7 47.
dxc6 bxc6 48. Be5 Bg7 49. Bd6+ Kg8 50. Rfd3 Rf5 51. Kg2 Rd5 52. Kf3 Kf7 53. Bc5 Red8 54.
Rxd5 Rxd5 55. Rxd5 exd5 56. Ke3 Bb2 57. b5 cxb5 58.
Bb4 Ke6 59. Kf3 Kf5 60. Bd6 Bc1 61. Kg3 d4 0-1

[Event "*** SCC Grand Prix: Titled Tuesday Blitz"]
[Site "Chess.com"]
[Date "2020.06.09"]
[Round "4"]
[White "Chuchofrio1"]
[Black "margarita_2703"]
[Result "0-1"]
[WhiteElo "2206"]
[BlackElo "2475"]
[TimeControl "180+1"]
[EndTime "9:40:39 PDT"]
[Termination "margarita_2703 won by resignation"]

1. d4 Nf6 2. c4 e6 3. Nc3 d5 4.
cxd5 exd5 5. Bg5 c6 6. Qc2 Be7 7. e3 Nbd7 8. Bd3 O-O 9. Nf3 h6 10. Bf4 Re8 11. h3 b6 12. O-O Bb7 13. Rad1 Rc8 14. e4 dxe4 15. Nxe4 c5 16. Qb1 c4 17.
Bc2 b5 18. Rfe1 Qb6 19. a3 a5 20. Ne5 b4 21. Nxd7 Nxd7 22. d5 b3 23. d6 bxc2 24. Qxc2 Bf8 25. Nc3 Rxe1+ 26. Rxe1 Qc6 27. f3 Bxd6 28. Qf5 Qc5+ 29. Qxc5 Bxc5+ 30. Kh1 Nf6 31. Rd1 Kh7 32. Na4 Be7 33. Nb6 Rc6 34. Na4 Re6 35. Nc3 Rb6 36. Bc1 Rb3 37. Re1 Bxa3 38.
Re2 Bb4 39. Nb5 Rxf3 40. gxf3 Bxf3+ 41. Kg1 Bxe2 42. Kf2 Bd3 43. Nc3 Bxc3 44. bxc3 Ne4+ 45. Ke3 Nxc3 46. Bb2 Nd5+ 47. Kd4 Nf6 48. Ba3 Bf5 49. h4 Be6 50. Be7 Kg6 51. Kc3 Kh5 52. Bd6 Kxh4 53. Be5 Ne4+ 54. Kb2 g5 55. Bg7 h5 56. Bd4 g4 57.
Be3 g3 58. Bf4 g2 59. Be3 Kg3 60. Kc2 Nf2 61. Bc5 g1=Q 62. Bd6+ Kh3 63. Bh2 Qxh2 64.
Kc1 Ne4 65. Kb1 Nc3+ 66. Kc1 Qg1+ 67. Kd2 Qd1+ 68. Ke3 Qd3+ 0-1

[Event "*** SCC Grand Prix: Titled Tuesday Blitz"]
[Site "Chess.com"]
[Date "2020.06.09"]
[Round "4"]
[White "TERMINATOR_PC"]
[Black "ChessQueen"]
[Result "1-0"]
[WhiteElo "2491"]
[BlackElo "2669"]
[TimeControl "180+1"]
[EndTime "9:40:40 PDT"]
[Termination "TERMINATOR_PC won by resignation"]

1. e4 c6 2. d4 d5 3. Nc3 dxe4 4. Nxe4 Nf6 5. Nxf6+ exf6 6. Bc4 Nd7 7. Nf3 Bd6 8.
Qe2+ Qe7 9. Qxe7+ Kxe7 10. O-O Rd8 11. Re1+ Kf8 12. c3 Nb6 13. Bb3 Bg4 14. h3 Bxf3 15.
gxf3 a5 16. a4 Re8 17. Bd2 Nd5 18. Kf1 Bf4 19. Bxd5 Bxd2 20. Rxe8+ Rxe8 21. Bc4 h5 22.
Rd1 Bf4 23. d5 Rd8 24. Ke2 c5 25. Bb5 g5 26. Bc4 f5 27. Bb5 Ke7 28. Bc4 Kf6 29.
Kf1 Be5 30. Re1 b6 31. Kg2 Rg8 32. Bb5 g4 33. hxg4 fxg4 34. fxg4 Rxg4+ 35. Kh3 Rf4 36. Re2 Bd6 37. Kg2 h4 38. b3 Be5 39. Bc4 Bxc3 40. d6 Rd4 41. Re3 Bd2 42. Rf3+ Ke5 43. Rxf7 Rxd6 44. Rh7 Bg5 45. Rh5 Kf4 46. Rh7 Rd2 47.
Rf7+ Ke5 48. Rg7 Be3 49. Re7+ Kd4 50. Rxe3 Rb2 51. Rh3 b5 52. Rxh4+ Kc3 53. axb5 Rb1 54. b6 Rd1 55. b7 Rd8 56. Rh7 Rb8 57. Rc7 a4 58. Rxc5 a3 59. Ra5 Kb4 60. Ra4+ Kc3 61. Rxa3 1-0

[Event "*** SCC Grand Prix: Titled Tuesday Blitz"]
[Site "Chess.com"]
[Date "2020.06.09"]
[Round "4"]
[White "DivyaDeshmukh23"]
[Black "WinstonSilvakov"]
[Result "0-1"]
[WhiteElo "2458"]
[BlackElo "2120"]
[TimeControl "180+1"]
[EndTime "9:40:43 PDT"]
[Termination "WinstonSilvakov won by resignation"]

1. e4 Nf6 2. e5 Nd5 3. d4 d6 4. c4 Nb6 5. exd6 cxd6 6. Nc3 g6 7. h3 Bg7 8. Nf3 O-O 9. Be2 Nc6 10. O-O e5 11. d5 Ne7 12. Be3 f5 13. c5 f4 14.
cxb6 fxe3 15. fxe3 Qxb6 16. Qd2 Bh6 17. Kh1 a6 18.
Bd3 Qxe3 19. Qxe3 Bxe3 20. Ne4 Nf5 21. g4 Nd4 22. Nxd4 Bxd4 23. Nxd6 Bxb2 24. Rab1 Rxf1+ 25. Bxf1 Bd4 26. Rc1 Bd7 27. Rc7 Bb5 28. Bxb5 axb5 29. Nxb7 Rxa2 30. d6 e4 31. d7 Bf6 32. Rc6 Bh4 33.
Re6 Rd2 34. Re8+ Kf7 35. d8=Q Bxd8 36. Rxd8 Rxd8 37. Nxd8+ Kf6 38. Kg2 Ke5 39. Kf2 Kd4 40. Ke2 b4 41. Nc6+ Kc3 42. Na5 Kd4 43. Nb3+ Kc3 44.
Nd2 h5 45. g5 Kd4 46. h4 Ke5 47. Ke3 Kf5 48. Nxe4 Kg4 49. Nf6+ Kxh4 50. Kf4 b3 51. Ne4 b2 52. Nc3 Kh3 53. Ke5 Kg4 54. Kf6 h4 55. Kxg6 h3 56. Kf7 h2 57. g6 h1=Q 58. g7 Qh7 59. Kf8 Qf5+ 60. Ke8 Qe6+ 61. Kf8 Qf6+ 62.
Kg8 Qxc3 63. Kh8 Qxg7+ 64. Kxg7 b1=Q 0-1

[Event "*** SCC Grand Prix: Titled Tuesday Blitz"]
[Site "Chess.com"]
[Date "2020.06.09"]
[Round "4"]
[White "ShahMatKanal"]
[Black "novendrapriasmoro"]
[Result "1/2-1/2"]
[WhiteElo "2482"]
[BlackElo "2665"]
[TimeControl "180+1"]
[EndTime "9:40:44 PDT"]
[Termination "Game drawn - insufficient material"]

1. e4 c5 2. Nc3 Nc6 3. Bb5 g6 4.
Bxc6 bxc6 5. d3 Bg7 6. Nge2 Nh6 7. Be3 d6 8. h3 f6 9. Qd2 Nf7 10. O-O O-O 11. f4 f5 12. Rae1 e5 13. fxe5 Nxe5 14. Bh6 fxe4 15. Bxg7 Kxg7 16. Nxe4 h6 17. Qc3 Rxf1+ 18.
Rxf1 Qe7 19. d4 cxd4 20. Nxd4 Bd7 21. Nf3 Rf8 22. Nxd6 Rxf3 23. Rxf3 Qxd6 24. Rd3 Qf6 25. Re3 Nf7 26. Qxf6+ Kxf6 27. Ra3 Bf5 28. c3 Nd6 29. Rxa7 Nc4 30. Rc7 Be4 31. a4 Nxb2 32. a5 Na4 33. a6 c5 34. a7 Ke6 35. Rg7 Nb6 36. Rg8 Kd6 37. Kf2 g5 38. g3 Kc7 39. Rh8 Kb7 40. Rxh6 Nd5 41. c4 Nb4 42.
Ke3 Bd3 43. Rh8 Kxa7 44. h4 gxh4 45. gxh4 Bxc4 46. h5 Nd5+ 47. Kd2 Bb5 48. h6 c4 49. Rd8 c3+ 50. Kc2 Ba4+ 51. Kc1 Nb4 52. Rc8 Nd3+ 53.
Kb1 c2+ 54. Rxc2 Bxc2+ 55. Kxc2 Ne5 56. h7 Nf7 57. Kd3 Kb8 58. Ke4 Kc8 59. Kf5 Kd8 60.
Kf6 Ke8 61. Kg7 Ke7 62. Kg8 Kf6 63. h8=Q+ Nxh8 1/2-1/2

[Event "*** SCC Grand Prix: Titled Tuesday Blitz"]
[Site "Chess.com"]
[Date "2020.06.09"]
[Round "4"]
[White "LiverpooL174"]
[Black "ketster"]
[Result "1/2-1/2"]
[WhiteElo "2664"]
[BlackElo "2456"]
[TimeControl "180+1"]
[EndTime "9:40:44 PDT"]
[Termination "Game drawn by repetition"]

1. e4 e5 2. Nf3 Nc6 3. Bc4 Nf6 4. Ng5 d5 5. exd5 Na5 6. Bb5+ c6 7. dxc6 bxc6 8. Qf3 Rb8 9. Nc3 cxb5 10. O-O Be7 11. d3 h6 12. Nge4 O-O 13. Nxf6+ Bxf6 14. Be3 a6 15. b4 Bb7 16. Ne4 Nc6 17. Bxh6 gxh6 18. Nxf6+ Kh8 19. Qf5 Kg7 20. Nh5+ Kh8 21. Nf6 Kg7 22.
Nh5+ Kh8 23. Rfe1 Qg5 24. Qxg5 hxg5 25. Nf6 Rbd8 26. a3 Kg7 27. Ne4 Kg6 28. Nc5 Bc8 29. c3 f6 30. a4 Ne7 31. axb5 axb5 32. Rec1 Bf5 33. Ra5 Rb8 34. f3 Nd5 35. g4 Bc8 36.
Ra7 Nf4 37. Re1 Rd8 38. d4 Re8 39. dxe5 fxe5 40. Rd1 Rb6 41. Ne4 Ne2+ 42. Kf2 Nf4 43. Ra8 Bd7 44. Ra7 Bc6 45. Rd6+ Re6 46. Rd8 Bxe4 47.
fxe4 Rf6 48. Rg8+ Kh6 49. Ke3 Ng2+ 50. Ke2 Rfd6 51. Rh8+ Kg6 52. Rg8+ Kf6 53. Rf8+ Ke6 54.
Raf7 Nf4+ 55. Ke1 Ra6 56. Rf6+ Kd7 57. R6f7+ Kc6 58. Rc8+ Kb6 59. Rb8+ Kc6 60. Rc8+ Kb6 61. Rb8+ Kc6 62. Rc8+ 1/2-1/2

[Event "*** SCC Grand Prix: Titled Tuesday Blitz"]
[Site "Chess.com"]
[Date "2020.06.09"]
[Round "4"]
[White "SilviusTiberius"]
[Black "ChronicUnhappiness"]
[Result "1-0"]
[WhiteElo "2472"]
[BlackElo "2315"]
[TimeControl "180+1"]
[EndTime "9:40:44 PDT"]
[Termination "SilviusTiberius won by resignation"]

1. e4 d6 2. d4 Nf6 3. Nc3 g6 4. Bg5 Bg7 5. f3 c6 6. Qd2 h6 7. Be3 Nbd7 8. O-O-O b5 9. e5 b4 10. exf6 bxc3 11. Qxc3 Nxf6 12. Qxc6+ Bd7 13. Qa6 O-O 14. Ne2 Nd5 15. Bd2 Rc8 16. Nf4 Qc7 17. Bd3 Nxf4 18. Bxf4 Bxd4 19. Bxh6 Rb8 20. b3 Qc3 21. Qc4 Qb2+ 22.
Kd2 Rfc8 23. Rb1 Bc3+ 24. Ke2 Rxc4 25. Rxb2 Rh4 26. Bc1 Bxb2 27. Bxb2 Rhb4 28. Re1 e5 29.
Rd1 R4b6 30. Be4 Bf5 31. c4 Bxe4 32. fxe4 Rd8 33. Bxe5 Re8 34. Bd4 Ra6 35. Rd2 Rxe4+ 36.
Kd3 f5 37. h3 Kf7 38. g4 Ke6 39. Rf2 Rc6 40. gxf5+ gxf5 41. Rg2 Rh4 42. Rg6+ Kd7 43.
Rg7+ Ke6 44. Rg3 Rc7 45. Re3+ Kd7 46. Bf6 Rh6 47. Bg5 Rh5 48. h4 Rh7 49. Kd4 Rf7 50.
b4 a6 51. Kd5 Kc8 52. Bf4 Kb7 53. Bxd6 Rcd7 54. c5 f4 55. c6+ Kc8 56. cxd7+ Kxd7 57. Rf3 Rf5+ 58. Be5 Rf7 59. Rxf4 Rh7 60. Rg4 Rh5 61. Rg7+ Kc8 62. Rg4 Rh6 63. Bd6 Rh5+ 64. Kc6 Rh8 65. Rf4 a5 66. Rf8+ Rxf8 67. Bxf8 axb4 68. Bxb4 Kd8 69. Bc3 Ke8 70. h5 Kf8 71. h6 1-0

[Event "*** SCC Grand Prix: Titled Tuesday Blitz"]
[Site "Chess.com"]
[Date "2020.06.09"]
[Round "4"]
[White "nihalsarin"]
[Black "pheonixking2000"]
[Result "0-1"]
[WhiteElo "2985"]
[BlackElo "2774"]
[TimeControl "180+1"]
[EndTime "9:40:45 PDT"]
[Termination "pheonixking2000 won by resignation"]

1. e4 c6 2. d4 d5 3. exd5 cxd5 4. Bd3 Nc6 5. c3 Nf6 6. Bf4 Bg4 7. Qb3 Qc8 8. Nd2 e6 9. Ngf3 Be7 10.
O-O O-O 11. Rae1 Bh5 12. Ne5 Nxe5 13. Bxe5 a6 14. Re3 Ng4 15. Rh3 Bg6 16. Bxg6 hxg6 17. Nf3 Qc4 18. Qxb7 Rfe8 19. a3 Qe2 20. b4 Qb5 21.
Qxb5 axb5 22. Ra1 Ra6 23. Rg3 Nh6 24. Ne1 Rc8 25. Bf4 Nf5 26. Rd3 g5 27. Bd2 Nd6 28. h3 Nc4 29. Bc1 f6 30. Rd1 Nb6 31. Bd2 Na4 32.
Rdc1 Rac6 33. Kf1 Nxc3 34. Nd3 Ne4 35. Ke2 Rc2 36. f3 Rxd2+ 37. Ke3 Rxc1 38. Rxc1 Rxg2 39.
fxe4 Rg3+ 40. Ke2 dxe4 41. Nc5 f5 42. Nxe6 f4 43. d5 Rd3 44. Rc7 f3+ 45. Kf2 Bf6 46.
Rc8+ Kf7 47. Rc7+ Kg6 48. Rd7 Rd2+ 49. Ke1 Re2+ 50. Kf1 e3 51. Nf8+ Kh5 52. Ne6 Rf2+ 53. Ke1 Bc3+ 54. Kd1 e2+ 0-1

[Event "*** SCC Grand Prix: Titled Tuesday Blitz"]
[Site "Chess.com"]
[Date "2020.06.09"]
[Round "4"]
[White "amintabatabaei"]
[Black "viktorskliarov"]
[Result "1-0"]
[WhiteElo "2875"]
[BlackElo "2583"]
[TimeControl "180+1"]
[EndTime "9:40:45 PDT"]
[Termination "amintabatabaei won by resignation"]

1. c4 e5 2. Nc3 Bb4 3. Nd5 Ba5 4.
b4 c6 5. bxa5 cxd5 6. Qb3 dxc4 7. Qxc4 d5 8. Qc3 d4 9. Qg3 Qf6 10. Nf3 Nc6 11. a6 b6 12. e3 Nge7 13. Bb5 O-O 14.
Ba3 dxe3 15. Bxc6 Nxc6 16. Bxf8 e4 17. Bxg7 Qxg7 18. Qxg7+ Kxg7 19. Ng5 Nd4 20. Rc1 exf2+ 21. Kxf2 Bxa6 22. Nxe4 Rd8 23. Rhe1 Ne6 24. Re3 Bd3 25. Ng3 b5 26. Ke1 Bc4 27. Ne2 a5 28. g3 a4 29. a3 Rd5 30. Nf4 Rf5 31. Nxe6+ fxe6 32. d3 Bd5 33. Rc7+ Kf6 34. Ke2 h5 35. h3 Kg6 36.
Ra7 Bb3 37. Ra5 Rc5 38. d4 Rc2+ 39. Ke1 Bc4 40. Ra6 Rh2 41. Re5 Rxh3 42. Kf2 Kf6 43.
Rc5 h4 44. gxh4 Rxh4 45. d5 Re4 46. Kf3 Re1 47. Kf4 Rf1+ 48. Ke3 Re1+ 49. Kf4 Rf1+ 50.
Kg3 Re1 51. d6 Rd1 52. Rc7 b4 53. Rxc4 bxa3 54. Rcxa4 a2 55. Rxa2 Rd3+ 56. Kf2 e5 57.
d7+ Ke7 58. Ra7 Rxd7 59. Rxd7+ Kxd7 60. Ke3 Ke6 61. Ke4 Kd6 62. Ra5 Ke6 63. Rxe5+ Kf6 64.
Rf5+ Kg6 65. Kf4 1-0